 Seeded DCSS version 0.30.1-9-gdf580d7c3d (webtiles) character file.

Game seed: 920673320228942481 (custom seed)

9 Psyclone the Conjurer (level 2, 17/17 HPs)
             Began as an Octopode Conjurer on Oct 10, 2023.
             Quit the game on level 3 of the Dungeon.
             The game lasted 00:00:43 (443 turns).

Psyclone the Conjurer (Octopode Conjurer)            Turns: 443, Time: 00:00:43

Health: 17/17      AC:  1    Str:  4    XL:     2   Next: 12%
Magic:  5/5        EV: 13    Int: 20    God:
Gold:   6          SH:  0    Dex: 10    Spells: 4/5 levels left

rFire   . . .        (no weapon)
rCold   . . .        (no shield)
rNeg    . . .        (helmet restricted)
rPois   .            (no amulet)
rElec   .            (no ring)
rCorr   .            (no ring)
SInv    +            (no ring)
Will    .....        (no ring)
Stlth   +++          (no ring)
HPRegen 0.22/turn    (no ring)
MPRegen 0.09/turn    (no ring)
                     (no ring)

%: no passive effects
@: no status effects
A: almost no armour, amphibious, 8 rings, camouflage 1, gelatinous body 1,
(nimble swimmer 1), tentacles, antennae 1, see invisible, deterioration 1, sense
surroundings 1, weak 1, MP-powered wands
a: no special abilities


You were on level 3 of the Dungeon.
You visited 1 branch of the dungeon, and saw 3 of its levels.

You collected 47 gold pieces.
You spent 41 gold pieces at shops.

Inventory:

Jewellery
 c - a ring of wizardry
Scrolls
 d - 3 scrolls of acquirement {unknown}
Potions
 a - a potion of magic
 e - a potion of lignification {unknown}


   Skills:
 - Level 2.0 Dodging
 - Level 2.6 Stealth
 - Level 2.0 Spellcasting
 + Level 4.4 Conjurations


You had 4 spell levels left.
You knew the following spells:

 Your Spells              Type           Power      Damage    Failure   Level
a - Magic Dart            Conj           76%        1d6       2%          1

Your spell library contained the following spells:

 Spells                   Type           Power      Damage    Failure   Level
 Searing Ray              Conj           38%        2d5       3%          2
 Dazzling Flash           Conj/Hex       20%        N/A       19%         3
 Fulminant Prism          Conj/Hex       5%         3d7       54%         4
 Iskenderun's Mystic Bla  Conj/Tloc      10%        2d4       54%         4


Dungeon Overview and Level Annotations

Branches:
Dungeon (3/15) Zot: 17557

Altars:

Shops:
D:3 *


Innate Abilities, Weirdness & Mutations

You cannot wear most types of armour.
You are amphibious.
You can wear up to eight rings at the same time.
Your skin changes colour to match your surroundings (Stealth+).
Your rubbery body absorbs attacks. (AC +1, EV +1)
((You are camouflaged when in or above water. (Stealth+)))
You have tentacles for arms and can constrict up to eight enemies at once.
You have a pair of small antennae on your head.
You have supernaturally acute eyesight. (SInv)
Your body sometimes deteriorates upon taking damage.
You passively map a small area around you.
You are weak. (Str -2)
You expend magic power (3 MP) to strengthen your wands.


Message History

Confirm with . or Enter, or press ? or * to list all spells.
Aiming: Magic Dart (safe; 2% risk of failure)
Press: ? - help, Shift-Dir - straight line, f - rat
Aim: a rat (asleep, 100% to hit)
The magic dart hits the rat.
You kill the rat!
The ball python hisses angrily.
Casting: Magic Dart (safe; 2% risk of failure)
Confirm with . or Enter, or press ? or * to list all spells.
Aiming: Magic Dart (safe; 2% risk of failure)
Press: ? - help, Shift-Dir - straight line, f - ball python
Aim: a ball python (100% to hit)
The magic dart hits the ball python.
You kill the ball python!
Casting: Magic Dart (safe; 2% risk of failure)
Confirm with . or Enter, or press ? or * to list all spells.
You can't see any susceptible monsters within range! (Use Z to cast anyway.)
There is an entrance to Xyxiz's Assorted Antiques here.
You now have 3/5 mp.
b - 3 fizzy ruby potions (gained 2) Thank you for shopping at Xyxiz's Assorted Antiques!
MP restored: 5 It was a potion of mutation.
You feel extremely strange.
You feel clever.
You occasionally lose the ability to drink potions when taking damage.
You feel less in control of your magic.
Really quaff the potion of mutation?
You feel extremely strange.
You regain control of your magic.
You feel stupid.
You feel a hidden malignance growing inside you.
You feel your magical essence link to the dungeon's wands.
A pair of antennae grows on your head!
Really quaff the potion of mutation?
You feel extremely strange.
You no longer feel a malignance within.
You no longer become unable to drink potions after taking damage.
You feel weaker.
Your vision sharpens.
You feel yourself wasting away.
You feel a strange attunement to the structure of the dungeons.
Unknown command.
Are you sure you want to abandon this character and quit the game? (Confirm with "yes".)

, * , , , * , #
################# *
#. #......#........#
,
#.###......'....@...#
*
#...#......#........#
*
###.####.).#........#
,
........##.#.†...?..#
........##.#........#
........##.#.....†..#
,
#######....#........#
* * , #.########.....
,... *


There were no monsters in sight!

Vanquished Creatures
  A dart slug (D:1)
  An endoplasm (D:2)
  2 ball pythons
  A kobold (D:3)
  3 rats
8 creatures vanquished.

Notes
Turn   | Place    | Note
-------+----------+-------------------------------------------
     0 | D:1      | Psyclone the Octopode Conjurer began the quest for the Orb.
     0 | D:1      | Reached XP level 1. HP: 11/11 MP: 3/3
   341 | D:3      | Reached XP level 2. HP: 17/17 MP: 1/5
   373 | D:3      | Found Xyxiz's Assorted Antiques.
   382 | D:3      | Bought 2 fizzy ruby potions for 41 gold pieces
   440 | D:3      | Gained mutation: Your mind is acute. (Int +4, Str/Dex -1)
                  | [potion of mutation]
   440 | D:3      | Gained mutation: You occasionally lose the ability to drink
                  | potions when taking damage. [potion of mutation]
   440 | D:3      | Gained mutation: Your spells are a little harder to cast,
                  | but a little more powerful. [potion of mutation]
   441 | D:3      | Lost mutation: Your spells are a little harder to cast, but
                  | a little more powerful. [potion of mutation]
   441 | D:3      | Lost mutation: Your mind is acute. (Int +4, Str/Dex -1)
                  | [potion of mutation]
   441 | D:3      | Gained mutation: You have hidden genetic defects. [potion
                  | of mutation]
   441 | D:3      | Gained mutation: You expend magic power (3 MP) to
                  | strengthen your wands. [potion of mutation]
   441 | D:3      | Gained mutation: You have a pair of small antennae on your
                  | head. [potion of mutation]
   442 | D:3      | Lost mutation: You have hidden genetic defects. [potion of
                  | mutation]
   442 | D:3      | Lost mutation: You occasionally lose the ability to drink
                  | potions when taking damage. [potion of mutation]
   442 | D:3      | Gained mutation: You are weak. (Str -2) [potion of
                  | mutation]
   442 | D:3      | Gained mutation: You have supernaturally acute eyesight.
                  | (SInv) [potion of mutation]
   442 | D:3      | Gained mutation: Your body sometimes deteriorates upon
                  | taking damage. [potion of mutation]
   442 | D:3      | Gained mutation: You passively map a small area around you.
                  | [potion of mutation]
   443 | D:3      | Quit the game

Illustrated notes

Levels and vault maps discovered:
D:1:      dpeg_arrival_orchard, layout_basic
D:2:      layout_loops_corners, uniq_natasha, uniq_crazy_yiuf_cottage
D:3:      layout_basic, serial_shops, nicolae_shop_stone, shop

Action                     || total
---------------------------++-------
   Cast: Magic Dart        ||    11
    Use: Potion            ||     3
